Map: Duma Altarisa ER

Players

climaxform - Winner!

  • Race: Terran Terran
  • League: Diamond
  • Spawn Location: 11:00

sigmamale

  • Race: Zerg Zerg
  • League: Diamond
  • Spawn Location: 5:00

VOD

Have the link to the VOD?

Description

Time

  • Played on: April 24, 2022, 6:12 p.m.
  • Length: 15:57
Show
View Real Time Build Order
Export as new Build Order

climaxform Terran - Winner!

Build Orders: Reaper Expand 

Get SALT Encoding   

  12  0:00  SCV  
  13  0:12  SCV  
  14  0:17  Supply Depot  
  14  0:24  SCV  
  15  0:38  SCV  
  15  0:40  Barracks  
  16  0:51  SCV  
  16  0:53  Refinery  
  17  1:05  SCV  
  18  1:17  SCV  
  19  1:32  Orbital Command  
  19  1:36  Reaper  
  20  1:48  Command Center  
  20  1:58  SCV  
  21  2:02  Supply Depot  
  21  2:10  SCV  
  22  2:16  Marine  
  22  2:21  Factory  
  23  2:24  SCV  
  24  2:36  SCV  
  25  2:48  SCV  
  25  2:49  Barracks Reactor  
  26  2:54  Refinery  
  26  3:00  SCV  
  26  3:09  Hellion  
  28  3:13  Starport  
  28  3:20  Orbital Command  
  28  3:21  SCV  
  29  3:27  Marine x2  
  29  3:30  Hellion  
  29  3:33  SCV  
  34  3:45  SCV, Marine x2  
  34  3:46  SCV  
  34  3:47  Supply Depot  
  38  3:52  Medivac  
  38  3:55  Hellion  
  42  3:57  SCV  
  43  4:08  Marine x2  
  45  4:12  SCV, Supply Depot  
  45  4:13  SCV  
  47  4:21  Factory Tech Lab  
  47  4:22  Starport Reactor  
  47  4:26  SCV  
  47  4:28  SCV, Barracks  
  47  4:29  Marine x2  
  51  4:32  Barracks  
  51  4:38  SCV  
  51  4:40  SCV  
  51  4:41  Siege Tank  
  56  4:50  Command Center  
  56  4:51  SCV  
  57  4:53  Supply Depot  
  57  5:13  Siege Tank  
  60  5:22  SCV  
  60  5:25  Barracks Tech Lab  
  53  5:50  Siege Tank  
  53  5:51  Marine x4  
  53  5:52  Stimpack  
  53  5:53  Starport Tech Lab  
  54  5:57  Barracks  
  54  5:59  SCV  
  54  6:00  Barracks  
  54  6:01  SCV  
  54  6:02  Bunker  
  54  6:03  Orbital Command  
  56  6:05  Refinery  
  56  6:11  SCV  
  57  6:12  Banshee  
  57  6:13  SCV  
  57  6:14  Marine x2  
  63  6:23  SCV  
  63  6:24  Engineering Bay  
  64  6:25  SCV  
  64  6:27  Marine  
  64  6:28  Marine x2  
  64  6:30  Engineering Bay  
  64  6:31  Marine  
  64  6:32  Marine  
  70  6:33  Siege Tank  
  70  6:35  SCV x2  
  70  6:38  SCV  
  76  6:46  Marauder  
  78  6:47  SCV, Marine x2  
  78  6:50  SCV  
  82  6:57  Terran Infantry Weapons Level 1, Terran Infantry Armor Level 1  
  82  6:59  SCV  
  83  7:01  Barracks Tech Lab  
  83  7:04  Supply Depot  
  83  7:06  SCV, Supply Depot  
  83  7:07  Supply Depot  
  84  7:19  Combat Shield  
  84  7:20  Concussive Shells  
  84  7:26  Marauder  
  83  7:46  Marine x3  
  83  7:47  Marauder x2, Siege Tank, Marine x2  
  83  7:50  Starport Reactor  
  95  7:53  Orbital Command  
  95  7:59  Refinery  
  93  8:09  Marauder  
  81  8:38  Marine x3  
  81  8:39  Marauder x3  
  88  8:52  Marine  
  84  8:56  Marine  
  84  9:00  Marauder x2  
  84  9:05  Marine x2  
  84  9:06  Marauder  
  81  9:17  Marine x2  
  81  9:21  Marauder  
  81  9:23  Marine  
  81  9:24  Marauder, Marine  
  83  9:25  SCV  
  83  9:27  Medivac x2  
  83  9:28  Marine  
  89  9:31  SCV  
  89  9:32  SCV  
  89  9:35  Marine  
  92  9:40  Armory  
  92  9:42  SCV  
  92  9:43  Marauder  
  92  9:44  Marine  
  92  9:45  Marauder, Marine x2  
  100  9:46  Marauder  
  100  9:51  Factory  
  100  9:52  SCV  
  103  9:53  Marine  
  103  9:55  Barracks x2  
  103  9:56  Barracks  
  107  10:00  Siege Tank  
  107  10:01  Medivac  
  107  10:05  Refinery x2  
  109  10:07  Command Center  
  109  10:09  Supply Depot x2  
  109  10:11  Supply Depot  
  109  10:30  Medivac, Marine x4  
  109  10:31  Marauder x3, SCV x2  
  109  10:32  SCV  
  124  10:40  Factory Tech Lab  
  124  10:43  SCV  
  124  10:45  Marine  
  124  10:48  Marine x3  
  129  10:52  Marauder x2  
  129  10:54  Marauder  
  117  11:13  Marauder x2  
  117  11:14  Marine x2  
  117  11:15  Marauder, Barracks Tech Lab x3  
  117  11:18  SCV x3, Ghost Academy  
  126  11:35  Marauder  
  114  11:40  Medivac x2  
  114  11:42  Marine x2  
  114  11:43  Marine  
  114  11:45  Terran Infantry Weapons Level 2, Terran Infantry Armor Level 2  
  114  11:46  Terran Vehicle Weapons Level 1  
  121  11:47  SCV  
  122  11:54  Ghost  
  122  11:55  Ghost x5  
  134  12:10  Siege Tank x2  
  134  12:12  Marine x4  
  144  12:15  Medivac  
  144  12:17  SCV  
  147  12:23  Marine  
  148  12:32  Planetary Fortress  
  148  12:40  Supply Depot  
  148  12:42  Supply Depot  
  148  12:43  Supply Depot x2  
  148  13:02  SCV, Siege Tank, Marine x4  
  148  13:03  Marine x5  
  148  13:04  Siege Tank, Ghost  
  166  13:13  Sensor Tower  
  166  13:19  Marine x4  
  166  13:21  Marine x5  
  169  13:33  Marine  
  165  13:39  Marine x3  
  162  14:08  Ghost x3  
  162  14:09  Ghost x2  
  172  14:34  SCV  
  172  14:36  Ghost  
  172  14:37  Refinery, Marine x2, Ghost  
  172  14:38  Refinery  
  179  14:44  Sensor Tower  
  179  14:56  Marine  
  180  15:00  Command Center x2  
  180  15:05  Command Center  
  180  15:08  Command Center  
  180  15:35  Marine x5  
Show
View Real Time Build Order
Export as new Build Order

sigmamale Zerg 

Build Orders: Hatch First, Lurkers 

Get SALT Encoding   

  12  0:00  Drone  
  13  0:12  Overlord  
  13  0:16  Drone  
  14  0:30  Drone x2  
  16  0:48  Hatchery  
  15  0:51  Drone  
  15  0:55  Drone  
  17  0:58  Drone  
  18  1:09  Extractor  
  17  1:14  Spawning Pool  
  17  1:18  Drone  
  17  1:20  Drone  
  18  1:34  Drone  
  19  1:56  Drone  
  19  1:57  Drone  
  19  2:00  Overlord  
  21  2:02  Zergling x2, Queen x2  
  26  2:11  Drone  
  26  2:12  Metabolic Boost  
  26  2:13  Drone  
  28  2:24  Zergling x2  
  28  2:25  Drone  
  30  2:43  Drone x3  
  32  2:49  Queen  
  34  2:52  Drone  
  35  3:02  Extractor  
  34  3:08  Drone  
  34  3:09  Overlord  
  34  3:10  Overlord  
  34  3:11  Hatchery  
  35  3:21  Overlord  
  35  3:28  Drone x6  
  41  3:40  Drone  
  41  3:41  Drone  
  43  3:47  Extractor, Drone  
  43  3:49  Drone  
  45  3:55  Drone  
  45  3:56  Roach Warren  
  45  4:00  Drone x2  
  45  4:01  Extractor, Drone  
  45  4:02  Drone  
  47  4:05  Overlord x2  
  47  4:06  Drone  
  48  4:11  Evolution Chamber  
  48  4:14  Drone  
  48  4:25  Drone x6  
  48  4:29  Lair  
  54  4:32  Overlord  
  54  4:38  Drone x4  
  58  4:43  Zerg Missile Weapons Level 1  
  58  4:58  Roach x8  
  74  5:03  Roach x4  
  74  5:05  Roach  
  81  5:11  Overlord x2  
  78  5:18  Roach x2  
  80  5:21  Roach  
  80  5:28  Overlord x2  
  77  5:37  Roach x5  
  82  5:50  Roach x6  
  94  5:59  Glial Reconstitution  
  94  6:06  Queen  
  94  6:08  Drone  
  94  6:09  Drone x3  
  100  6:17  Ravager  
  101  6:19  Ravager  
  101  6:22  Ravager  
  103  6:26  Hatchery  
  103  6:27  Ravager  
  103  6:30  Drone  
  103  6:31  Drone x5  
  109  6:33  Extractor  
  109  6:34  Drone  
  109  6:36  Extractor  
  109  6:37  Drone x2  
  109  6:38  Drone x2  
  112  6:42  Zerg Missile Weapons Level 2  
  106  6:57  Ravager  
  106  6:59  Ravager  
  108  7:02  Extractor, Drone  
  108  7:03  Drone x4  
  108  7:04  Drone x2  
  114  7:09  Overlord  
  114  7:10  Overlord  
  114  7:11  Overlord, Hydralisk Den  
  114  7:12  Overlord  
  113  7:25  Spore Crawler  
  113  7:26  Spore Crawler  
  99  7:30  Spore Crawler, Roach x6  
  99  7:36  Roach x3  
  82  7:38  Drone x2  
  82  7:45  Muscular Augments  
  82  7:46  Roach  
  82  7:49  Roach  
  86  7:53  Roach x2  
  86  7:55  Roach  
  86  7:56  Roach  
  95  8:05  Drone  
  95  8:06  Drone x6  
  95  8:09  Pneumatized Carapace  
  101  8:13  Overseer  
  101  8:18  Hydralisk x3  
  101  8:27  Roach  
  101  8:28  Roach x4  
  99  8:34  Roach x4  
  99  8:37  Roach x2  
  99  8:50  Roach x7  
  107  8:55  Roach  
  107  8:56  Grooved Spines, Roach x2  
  105  9:04  Roach x4  
  105  9:06  Overlord  
  105  9:07  Hydralisk  
  111  9:16  Roach x2  
  103  9:18  Hydralisk x2  
  103  9:22  Queen  
  103  9:23  Queen  
  107  9:25  Zerg Ground Armor Level 1  
  107  9:37  Drone  
  108  9:38  Drone  
  108  9:39  Extractor, Drone x2  
  108  9:40  Extractor, Drone x3  
  108  9:41  Drone  
  113  9:47  Drone x2  
  113  9:50  Drone  
  113  9:51  Drone  
  117  10:01  Hatchery  
  117  10:03  Hydralisk x4  
  124  10:15  Evolution Chamber  
  124  10:19  Hydralisk x6  
  135  10:22  Overlord  
  135  10:23  Overlord  
  135  10:38  Hydralisk x4  
  135  10:42  Overlord x3  
  143  10:56  Hatchery  
  143  10:57  Hydralisk x5  
  134  11:08  Roach x3  
  133  11:16  Hydralisk x4  
  138  11:26  Hydralisk  
  138  11:27  Hydralisk x3  
  136  11:40  Overlord  
  136  11:47  Lurker Den  
  135  11:48  Infestation Pit  
  135  11:50  Zerg Ground Armor Level 2  
  135  11:53  Drone x2  
  136  11:56  Hatchery, Drone x2  
  137  12:02  Ravager x6  
  143  12:09  Drone x5  
  143  12:11  Drone x2  
  150  12:24  Queen x2  
  150  12:26  Queen  
  158  12:31  Drone x3  
  161  12:39  Hive  
  159  12:44  Lurker x11  
  159  12:45  Lurker  
  159  12:48  Roach x2  
  175  13:08  Roach x5  
  175  13:09  Roach  
  175  13:10  Overlord x2  
  187  13:22  Roach  
  148  13:35  Roach x3  
  148  13:36  Roach x7  
  157  13:55  Roach x6  
  169  14:03  Adaptive Talons  
  169  14:04  Viper x4  
  181  14:10  Ultralisk Cavern  
  178  14:27  Overlord x2  
  178  14:41  Roach x6  
  190  14:54  Queen x4  
  198  15:00  Seismic Spines  
  198  15:02  Overlord x2  
  198  15:23  Hatchery  
Tags
 
Add a new tag
Caveats
  • Supply blocks, unpowered buildings, or Contaminate may cause inaccurate times.
  • Supply counts are checked every 10 seconds.